AoeStats
← 客官

Nomad

509341568Analyzed
4v4 RM · 7d ago on Sep 26, 2026· 58m 49s· 8 players
Game mode
Random Map
Map size
231×231
Population
200
Speed
Normal
Resources
Standard
Victory
Conquest
Starting age
Dark Age
Ending age
Imperial Age
RankedLock teamsTeams togetherTeam positionsShared explorationLock speedFull tech treeHidden civsTurbo modeCheats
Victory
Defeat
🇧🇷 Saxons · Brazil
1574
+10
🇨🇳 Franks · China
1470
+14
🇨🇳 Mongols · China
1432
+16
🇧🇷 Vietnamese · Brazil
1410
+17
🇪🇸 Burgundians · Spain
1443
-15
🇺🇸 Chinese · United States
1436
-14
🇨🇳 Huns · China
1428
-14
🇫🇮 Bengalis · Finland
1421
-14
mxrider971
3:21 Loom
13:58 Feudal Age
20:18 Castle Age
19:22 Double-Bit Axe
19:20 Fishing Lines
22:00 Gillnets
35:52 Imperial Age
35:24 Scale Barding Armor
37:23 Chain Barding Armor
37:15 Forging
37:22 Cavalier
38:13 Bloodlines
38:49 Husbandry
40:23 Plate Barding Armor
41:04 Iron Casting
44:28 Blast Furnace
47:43 Wheelbarrow
53:49 Fletching
54:33 Bodkin Arrow
55:00 Ballistics
55:08 Crossbowman
56:45 Bracer
58:03 Chemistry
57:19 Arbalester
VaultBoy
3:21 Loom
14:05 Feudal Age
18:01 Castle Age
16:04 Double-Bit Axe
17:08 Bow Saw
18:19 Forging
20:30 Two-Man Saw
19:54 Medium Warships
22:25 Horse Collar
23:21 Fletching
25:18 Bodkin Arrow
25:24 Padded Archer Armor
26:02 Ballistics
26:21 Fortified Wall
28:04 Heavy Plow
29:29 Wheelbarrow
29:11 Husbandry
33:49 Imperial Age
31:56 Gold Mining
32:25 Leather Archer Armor
32:42 Hand Cart
35:35 Chemistry
37:22 Bracer
40:37 Conscription
41:30 Iron Casting
47:19 Scale Barding Armor
48:14 Blast Furnace
48:26 Elite Coustillier
50:35 Chain Barding Armor
52:05 Plate Barding Armor
7777777
3:05 Loom
12:38 Feudal Age
13:55 Double-Bit Axe
18:39 Castle Age
17:06 Stone Mining
19:37 Medium Warships
24:22 Gold Mining
25:29 Bloodlines
28:07 Fishing Lines
32:36 Wheelbarrow
32:53 Gillnets
38:42 Imperial Age
37:46 Horse Collar
38:08 Husbandry
37:32 Man-at-Arms
37:57 Gambesons
39:16 Heavy Plow
39:30 Bow Saw
39:48 Conscription
38:57 Elite Battle Elephant
42:27 Crop Rotation
43:01 Two-Man Saw
43:14 Scale Barding Armor
43:20 Forging
46:07 Paiks
46:26 Chain Barding Armor
48:03 Elite Elephant Archer
49:21 Ballistics
50:01 Chemistry
50:12 Hand Cart
50:46 Fletching
50:57 Padded Archer Armor
51:45 Bodkin Arrow
52:26 Plate Barding Armor
54:01 Bracer
54:17 Leather Archer Armor
客官
10:08 Loom
12:30 Feudal Age
16:38 Castle Age
15:04 Stone Mining
18:11 Town Watch
41:26 Wheelbarrow
41:06 Fishing Lines
42:16 Double-Bit Axe
46:11 Gold Mining
46:58 Padded Archer Armor
47:21 Fletching
48:38 Bodkin Arrow
49:29 Ballistics
50:00 Husbandry
50:59 Leather Archer Armor
50:53 Horse Collar
51:42 Bloodlines
53:26 Thumb Ring
52:53 Light Cavalry
54:31 Hand Cart
54:29 Bow Saw
59:40 Imperial Age
58:35 Scale Barding Armor
58:41 Forging
苏东坡的粉丝
5:07 Loom
12:48 Feudal Age
17:49 Castle Age
16:39 Double-Bit Axe
17:23 Stone Mining
19:49 Bow Saw
20:48 Fletching
23:57 Gold Mining
25:13 Bodkin Arrow
26:06 Horse Collar
29:14 Wheelbarrow
31:14 Padded Archer Armor
31:42 Hand Cart
34:00 Gold Shaft Mining
33:29 Heavy Plow
36:16 Leather Archer Armor
36:45 Stone Shaft Mining
40:22 Imperial Age
41:06 Bracer
42:21 Chemistry
42:04 Conscription
42:19 Parthian Tactics
42:08 Bloodlines
41:59 Husbandry
42:36 Ballistics
42:14 Onager
43:55 Elite Mangudai
46:21 Hoardings
46:36 Masonry
47:27 Coinage
48:37 Capped Ram
51:21 Siege Ram
53:12 Nomads
54:52 Elite Skirmisher
55:38 Thumb Ring
56:43 Siege Engineers
56:07 Imperial Skirmisher
57:39 Murder Holes
SS_Tiozão
3:47 Loom
13:53 Feudal Age
14:23 Double-Bit Axe
25:29 Castle Age
24:23 Stone Mining
29:32 Bow Saw
30:08 Horse Collar
37:34 Wheelbarrow
42:03 Gold Mining
45:28 Hand Cart
45:16 Heavy Plow
45:55 Stone Shaft Mining
45:14 Town Watch
45:44 Fletching
52:19 Imperial Age
49:13 Elite Skirmisher
50:23 Bodkin Arrow
50:29 Padded Archer Armor
50:51 Ballistics
51:25 Town Patrol
52:55 Leather Archer Armor
54:06 Chemistry
53:18 Masonry
52:49 Treadmill Crane
53:11 Bracer
52:44 Pikeman
52:51 Imperial Skirmisher
53:34 Halberdier
55:51 Ring Archer Armor
55:32 Forging
55:23 Scale Mail Armor
58:18 Iron Casting
59:06 Chain Mail Armor
825889483
5:19 Loom
14:35 Feudal Age
18:17 Castle Age
53:54 Imperial Age
52:10 Wheelbarrow
51:37 Fletching
52:31 Bodkin Arrow
53:40 Scale Barding Armor
54:02 Husbandry
55:06 Chain Barding Armor
54:12 Cavalier
59:06 Plate Barding Armor
58:49 Gold Mining
SS_T3q
4:07 Loom
12:02 Feudal Age
12:29 Fishing Lines
13:19 Double-Bit Axe
12:58 Man-at-Arms
16:04 Fletching
19:19 Castle Age
18:38 Scale Mail Armor
18:49 Forging
18:53 Arson
19:22 Long Swordsman
21:29 Gillnets
24:47 Horse Collar
31:23 Bow Saw
32:05 Wheelbarrow
31:16 Town Watch
33:30 Chain Mail Armor
33:50 Iron Casting
33:16 Squires
37:39 Gambesons
40:54 Imperial Age
41:36 Imperial Age
39:17 Gold Mining
39:18 Stone Mining
39:32 Heavy Plow
41:11 Hand Cart
43:19 Plate Mail Armor
43:33 Conscription
45:11 Gold Shaft Mining
44:32 Bodkin Arrow
45:18 Bracer
45:58 Elite Varangian Guard
50:39 Capped Ram
51:15 Shield Wall
53:10 Crop Rotation
53:41 Two-Man Saw
53:19 Siege Ram
Connection lost

Rejoining the realm…

Still unreachable

The connection could not be restored.

Session expired

The server has moved on; the page needs a fresh start.